 Dungeon Crawl Stone Soup version 0.31.0-32-g396128a36d (webtiles) character file.

Game seed: 13009379425810348793

875 PaiMei the Grave Robber (level 7, 0/81 HPs)
             Began as a Demonspawn Necromancer on Mar 27, 2024.
             Slain by an orc
             ... wielding a +0 whip
              (4 damage)
             ... on level 5 of the Dungeon.
             The game lasted 00:05:58 (4825 turns).

PaiMei the Grave Robber (Demonspawn Necromancer)    Turns: 4825, Time: 00:05:59

Health: 0/81       AC: 23    Str:  8    XL:     7   Next: 74%
Magic:  11/13      EV:  2    Int: 17    God:
Gold:   283        SH:  0    Dex: 14    Spells: 10/14 levels left

rFire   . . .        j - +1 short sword (freeze)
rCold   . . .        (no shield)
rNeg    . . .        a - melded +0 robe
rPois   +            (helmet currently unavailable)
rElec   .            (cloak currently unavailable)
rCorr   .            (gloves currently unavailable)
SInv    .            (boots currently unavailable)
Will    .....        (no amulet)
Stlth   ++           (no ring)
HPRegen 0.33/turn    (no ring)
MPRegen 0.13/turn

%: no passive effects
@: tree-form
A: stationary, stasis, torment immunity, boosted hp, (slimy green scales 1),
foul stench 1, (spiny 1), (demonic touch 2)
a: no special abilities


You were on level 5 of the Dungeon.
You were a tree.
You visited 1 branch of the dungeon, and saw 5 of its levels.

You collected 283 gold pieces.

Inventory:

Hand Weapons
 d - a +0 short sword
 j - a +1 short sword of freezing (weapon)
Missiles
 e - 6 poisoned darts (quivered)
Armour
 a - a +0 robe (melded)
 c - a +0 ring mail
Wands
 u - a wand of acid (10)
Scrolls
 f - a scroll of enchant weapon {unknown}
 i - 2 scrolls of identify {unknown}
 l - a scroll of poison {unknown}
 m - a scroll of teleportation {unknown}
 o - a scroll of enchant armour {unknown}
 q - 2 scrolls of brand weapon {unknown}
 t - 2 scrolls of amnesia {unknown}
Potions
 g - 3 potions of lignification
 h - 2 potions of enlightenment
 k - a potion of invisibility {unknown}
 n - 2 potions of curing
 p - 2 potions of degeneration {unknown}
 r - a potion of heal wounds {unknown}
 s - a potion of haste {unknown}
 v - 2 potions of brilliance {unknown}


   Skills:
 + Level 4.0 Fighting
 + Level 4.3 Dodging
 - Level 2.0 Stealth
 + Level 4.4 Spellcasting
 + Level 6.5 Necromancy


You had 10 spell levels left.
You knew the following spells:

 Your Spells              Type           Power      Damage    Failure   Level
a - Necrotise             Necr           100%       1d9       1%          1
b - Vampiric Draining     Necr           26%        2d7       3%          3

Your spell library contained the following spells:

 Spells                   Type           Power      Damage    Failure   Level
 Animate Dead             Necr           26%        N/A       10%         4
 Curse of Agony           Necr           26%        N/A       28%         5
 Olgreb's Toxic Radiance  Alch           3%         N/A       83%         4
 Ozocubu's Refrigeration  Ice            1%         4d7       100%        7
 Discord                  Hex            1%         N/A       100%        8


Dungeon Overview and Level Annotations

Branches:
Dungeon (5/15)
 Temple: D:4-7

Altars:
Cheibriados
Fedhas
Gozag
Hepliaklqana
Vehumet


Innate Abilities, Weirdness & Mutations

You are a tree.
Your roots penetrate the ground, keeping you stationary.
You cannot be teleported.
You are immune to unholy pain and torment.
Your maximum health is greatly increased.
Your equipment is partially melded.
((You are partially covered in slimy green scales. (AC +2)))
You may rarely emit foul miasma when damaged in melee.
((You are partially covered in sharp spines.))
((Your touch may inflict irresistible damage on your foes.))


Message History

Confirm with . or Enter, or press ? or * to list all spells.
Aiming: Necrotise (safe; 1% risk of failure)
Press: ? - help, Shift-Dir - straight line, f/p - gnoll
Aim: a gnoll, wielding a +0 spear (severely wounded, ally target, chance to affect: 88%)
The gnoll writhes in agony.
You kill the gnoll!
The dead are walking!
The gnoll hits your quokka skeleton with a +0 spear!
Your quokka skeleton is destroyed!
Your Fighting skill increases to level 4!
Casting: Necrotise (safe; 1% risk of failure)
Confirm with . or Enter, or press ? or * to list all spells.
Aiming: Necrotise (safe; 1% risk of failure)
Press: ? - help, Shift-Dir - straight line, f - gnoll
Aim: a gnoll, wielding a +0 flail (chance to affect: 88%)
The gnoll barely resists.
Casting: Necrotise (safe; 1% risk of failure)
Confirm with . or Enter, or press ? or * to list all spells.
Aiming: Necrotise (safe; 1% risk of failure)
Press: ? - help, Shift-Dir - straight line, f/p - gnoll
Aim: a gnoll, wielding a +0 flail (chance to affect: 88%)
The gnoll writhes in agony.
The gnoll hits you with a +0 flail.
* * * LOW HITPOINT WARNING * * *
You emit a cloud of foul miasma!
The gnoll hits you but does no damage.
You hit the gnoll but do no damage. The orc hits you but does no damage.
The gnoll hits you but does no damage.
The gnoll is engulfed in dark miasma.
The gnoll is poisoned.
The gnoll hits you but does no damage.
Your gnoll skeleton hits the gnoll but does no damage.
You hit the orc. You freeze the orc.
The orc is moderately wounded.
The gnoll hits you but does no damage.
The gnoll is engulfed in dark miasma.
The gnoll looks even sicker.
The gnoll seems to slow down.
The gnoll hits you but does no damage. The orc hits you with a +0 whip.
* * * LOW HITPOINT WARNING * * *
Your gnoll skeleton hits the gnoll but does no damage.
You barely miss the gnoll.
The gnoll is severely wounded.
The gnoll is no longer moving slowly.
The gnoll hits you but does no damage. The orc hits you with a +0 whip.
You die...

###############
...............
.............
......... #....#
.#
####..Zg####$..##
#...††..g♣o......
#.<.<#+#######...
#....# ##g..#
#...# #...# #...#
#...# #...#


You could see 2 gnolls, an orc and a friendly gnoll skeleton.

Vanquished Creatures
  A water moccasin (D:5)
  2 phantoms
  A scorpion (D:4)
  A howler monkey (D:5)
  A jelly (D:4)
  4 hounds
  An orc priest (D:4)
  Terence (D:2)
  5 iguanas
  8 adders
  A gnoll (D:5)
  3 dart slugs
  A ribbon worm (D:3)
  13 orcs
  6 ball pythons
  6 endoplasms
  3 giant cockroaches
  10 goblins
  7 hobgoblins
  6 kobolds
  3 quokkas
  5 bats
  4 frilled lizards
  10 rats
103 creatures vanquished.

Vanquished Creatures (collateral kills)
  A gnoll (D:5)
  2 goblins
  A frilled lizard (D:1)
  A rat (D:3)
5 creatures vanquished.

Grand Total: 108 creatures vanquished

Notes
Turn   | Place    | Note
-------+----------+-------------------------------------------
     0 | D:1      | PaiMei the Demonspawn Necromancer began the quest for the
                  | Orb.
     0 | D:1      | Reached XP level 1. HP: 13/13 MP: 3/3
   278 | D:1      | Gained mutation: You may rarely emit foul miasma when
                  | damaged in melee. [demonic ancestry]
   278 | D:1      | Reached XP level 2. HP: 19/19 MP: 3/5
  1157 | D:1      | Gained mutation: Your touch may inflict minor irresistible
                  | damage on your foes. [demonic ancestry]
  1157 | D:1      | Reached XP level 3. HP: 25/25 MP: 3/6
  1271 | D:1      | Learned a level 3 spell: Vampiric Draining
  1421 | D:2      | Noticed Terence
  1428 | D:2      | Killed Terence
  1429 | D:2      | Reached skill level 1 in Fighting
  1697 | D:2      | Gained mutation: You are partially covered in sharp spines.
                  | [demonic ancestry]
  1697 | D:2      | Reached XP level 4. HP: 31/32 MP: 1/7
  1964 | D:2      | Reached skill level 5 in Necromancy
  2666 | D:3      | Found a radiant altar of Vehumet.
  2666 | D:3      | Found an opulent altar of Gozag.
  2718 | D:3      | Gained mutation: Your touch may inflict irresistible damage
                  | on your foes. [demonic ancestry]
  2718 | D:3      | Reached XP level 5. HP: 38/38 MP: 6/9
  2846 | D:3      | Found a snail-covered altar of Cheibriados.
  3493 | D:4      | Found a hazy altar of Hepliaklqana.
  3548 | D:4      | Reached XP level 6. HP: 46/46 MP: 2/10
  3882 | D:4      | Found a blossoming altar of Fedhas.
  4357 | D:4      | Reached skill level 6 in Necromancy
  4457 | D:4      | Gained mutation: You are partially covered in slimy green
                  | scales. (AC +2) [demonic ancestry]
  4457 | D:4      | Reached XP level 7. HP: 52/52 MP: 6/12
  4667 | D:5      | Entered Level 5 of the Dungeon
  4824 | D:5      | HP: 3/81 [orc/+0 whip (3)]
  4825 | D:5      | Slain by an orc

Illustrated notes

Levels and vault maps discovered:
D:1:      mrwooster_arrival_statue_2, layout_basic, minmay_rat_gold_closets
D:2:      layout_basic, kennysheep_generic_room_6, uniq_terence
D:3:      layout_basic, slow_altar_1, gammafunk_temple_overflow_wave,
          serial_glass, glass_columns_b, glass_columns_a
D:4:      layout_basic, jmf_multi_god_temple, amethyst_killhole
D:5:      layout_gridville, mainiacjoe_overflow_alcove_2,
          nicolae_ossuary_entry_catacombs, uniq_sigmund, uniq_blork_the_orc,
          uniq_edmund

Skill      XL: |  1  2  3  4  5  6  7 |
---------------+----------------------+-----
Stealth        | 2 |  2.0
Dodging        | 2 3 4 |  4.3
Fighting       | 1 2 3 4 |  4.0
Necromancy     | 5 6 |  6.5
Spellcasting   | 3 4 |  4.4

Action                     |  1- 3 |  4- 6 |  7- 9 || total
---------------------------+-------+-------+-------++-------
  Melee: Short sword       |    19 |    19 |    21 ||    59
         Touch             |     1 |     6 |     3 ||    10
   Cast: Necrotise         |    66 |   106 |    19 ||   191
         Vampiric Draining |     1 |     6 |     5 ||    12
    Use: Potion            |       |       |     4 ||     4
 Armour: Robe              |    20 |    12 |    10 ||    42
         Skin              |       |       |    20 ||    20
  Dodge: Dodged            |    19 |    33 |    12 ||    64
